 Dungeon Crawl Stone Soup version 0.26-a0-660-gc07710193c (webtiles) character file.

Game seed: 11517639845608718991

215 marklar909 the Digger (level 6, -1/44 HPs)
             Began as a Formicid Earth Elementalist on Oct 6, 2020.
             Shot with an arrow by a centaur (7 damage)
             ... on level 5 of the Dungeon.
             The game lasted 00:08:35 (5714 turns).

marklar909 the Digger (Formicid Earth Elementalist) Turns: 5714, Time: 00:08:35

Health: -1/44      AC:  4    Str: 14    XL:     6   Next: 15%
Magic:  20/20      EV:  9    Int: 20    God:
Gold:   73         SH:  7    Dex: 12    Spells: 7/11 levels left

rFire    . . .     SeeInvis +   p - +0 halberd
rCold    . . .     Faith    +   n - +0 kite shield
rNeg     . . .     Spirit   .   i - +0 leather armour
rPois    .         Reflect  .   (helmet unavailable)
rElec    .         Harm     .   (no cloak)
rCorr    .         Rampage  .   (no gloves)
MR       .....                  m - +0 pair of boots
Stlth    ++........             d - amulet of faith
HPRegen  0.14/turn              q - ring of magical power
MPRegen  0.17/turn              h - +6 ring of intelligence

@: no status effects
A: permanent stasis, dig shafts and tunnels, four strong arms, antennae 3
a: Dig, Shaft Self


You were on level 5 of the Dungeon.
You visited 1 branch of the dungeon, and saw 5 of its levels.

You collected 271 gold pieces.
You spent 198 gold pieces at shops.

Inventory:

Hand Weapons
 p - a +0 halberd (weapon)
 r - a +2 mace of holy wrath
 t - a +3 spear
Missiles
 a - 18 bolts
 e - 34 stones (quivered)
Armour
 i - a +0 leather armour (worn)
 m - a +0 pair of boots (worn)
 n - a +0 kite shield (worn)
Jewellery
 d - an amulet of faith (around neck)
 h - a +6 ring of intelligence (right hand)
 q - a ring of magical power (left hand)
Scrolls
 k - a scroll of amnesia
 l - 4 scrolls of remove curse
 v - 4 scrolls of fear
Potions
 b - a potion of degeneration {unknown}
 c - a potion of resistance {unknown}
 f - 6 potions of brilliance
 g - 5 potions of curing {unknown}
 j - a potion of flight {unknown}
 o - a potion of might {unknown}
 s - a potion of heal wounds {unknown}
 u - a potion of lignification {unknown}


   Skills:
 * Level 1.6 Fighting
 * Level 1.3 Polearms
 * Level 2.3 Armour
 + Level 2.2 Dodging
 + Level 2.6 Stealth
 * Level 1.0 Shields
 + Level 3.3 Spellcasting
 * Level 0.7 Conjurations
   Level 1.1 Transmutations
 + Level 4.6 Earth Magic


You had 7 spell levels left.
You knew the following spells:

 Your Spells              Type           Power        Failure   Level
a - Sandblast             Erth           ###...       14%         1
b - Stone Arrow           Conj/Erth      ##....       67%         3

Your spell library contained the following spells:

 Spells                   Type           Power        Failure   Level
 Passwall                 Tmut/Erth      ##......     41%         2
 Petrify                  Tmut/Erth      ##......     96%         4
 Lee's Rapid Deconstruct  Erth           ###.......   98%         5


Dungeon Overview and Level Annotations

Branches:
Dungeon (5/15)
 Temple: D:4-7

Altars:
Okawaru
Qazlal
Yredelemnul
The Shining One

Shops:
D:4 *

Annotations:
D:4 Dowan, Duvessa


Innate Abilities, Weirdness & Mutations

You cannot be hasted, slowed, berserked, paralysed or teleported.
You can dig through walls and to a lower floor.
Your four strong arms can wield two-handed weapons with a shield.
You have a pair of large antennae on your head. (SInv)


Message History

The magic dart hits you.
You see here an arrow.
The orc wizard gestures wildly while chanting.
The orc wizard blinks!
The centaur shoots an arrow.
The arrow hits you.
You see here an arrow.
The centaur shoots an arrow.
The arrow closely misses you.
The orc wizard points at you and mumbles some strange words.
The magic dart hits you!
* * * LOW HITPOINT WARNING * * *
The centaur shoots an arrow.
The arrow hits you.
* * * LOW HITPOINT WARNING * * *
The centaur shoots an arrow.
You block the arrow.
You see here 2 arrows.
The centaur shoots an arrow.
The arrow barely misses you.
You see here an arrow.
The orc wizard mumbles some strange words.
The orc wizard blinks!
The centaur shoots an arrow.
The arrow hits you!
You die...

#.................{..........+
##############..c##########.##.
#...# #........ #ยง..#
#.###..## #...# ##.# #(..# #..
#(..# ##.# #.### .. #@# #. #.#
. #.# #.# #.# #.# ##.# #<.#
####


You could see a centaur.

Vanquished Creatures
  Jessica (D:2)
  A worker ant (D:4)
  4 adders
  4 gnolls (D:3)
  An adder skeleton (D:4)
  4 worms
  A dart slug (D:3)
  4 leopard geckos
  9 orcs
  3 ball pythons
  A giant cockroach (D:1)
  5 goblins
  5 hobgoblins
  2 jackals (D:2)
  A quokka (D:4)
  6 bats
  4 frilled lizards
  A jackal skeleton (D:4)
  5 kobolds
  A leopard gecko skeleton (D:4)
  5 rats
68 creatures vanquished.

Vanquished Creatures (others)
  A plant (D:3)
1 creature vanquished.

Grand Total: 69 creatures vanquished

Notes
Turn   | Place    | Note
-------+----------+-------------------------------------------
     0 | D:1      | marklar909 the Formicid Earth Elementalist began the quest
                  | for the Orb.
     0 | D:1      | Reached XP level 1. HP: 13/13 MP: 3/3
   242 | D:1      | Reached XP level 2. HP: 19/19 MP: 1/5
   458 | D:1      | Reached skill level 4 in Earth Magic
   807 | D:2      | Reached XP level 3. HP: 25/25 MP: 5/7
   993 | D:2      | Noticed Jessica
  1148 | D:2      | Killed Jessica
  1148 | D:2      | Reached skill level 1 in Fighting
  1148 | D:2      | Reached XP level 4. HP: 32/32 MP: 6/8
  1498 | D:2      | Learned a level 3 spell: Stone Arrow
  1668 | D:3      | Reached skill level 1 in Armour
  2490 | D:3      | Found a glowing golden altar of the Shining One.
  2987 | D:2      | Reached XP level 5. HP: 25/37 MP: 9/9
  3868 | D:3      | Found a basalt altar of Yredelemnul.
  3872 | D:3      | Found an iron altar of Okawaru.
  4541 | D:4      | Reached skill level 1 in Polearms
  4595 | D:4      | Found Haczon's Assorted Antiques.
  4791 | D:4      | Bought an amethyst potion for 20 gold pieces
  4791 | D:4      | Bought a fuming sapphire potion for 20 gold pieces
  4791 | D:4      | Bought a grey potion for 20 gold pieces
  4791 | D:4      | Bought a runed spear for 138 gold pieces
  5082 | D:4      | Noticed Duvessa
  5082 | D:4      | Noticed Dowan
  5191 | D:4      | Found a stormy altar of Qazlal.
  5292 | D:4      | Reached XP level 6. HP: 43/43 MP: 11/11
  5298 | D:4      | Reached skill level 1 in Shields
  5487 | D:5      | Entered Level 5 of the Dungeon
  5714 | D:5      | Shot with an arrow by a centaur

Illustrated notes

Levels and vault maps discovered:
D:1:      dpeg_arrival_rooms_with_view, layout_rooms, minmay_misc_feat_hallway,
          roderic_serpentine_path
D:2:      layout_loops_ring, uniq_jessica
D:3:      layout_loops_cross, tso_oasis_becter, minitemple
D:4:      layout_rooms, grunt_temple_overflow_champion_of_chaos, serial_shops,
          nicolae_shop_trees, grunt_ministairs_5, grunt_qazlal_clouds,
          uniq_duvessa
D:5:      layout_basic, minmay_temple_entry_poolview

Skill      XL: |  1  2  3  4  5  6 |
---------------+-------------------+-----
Earth Magic    | 4 |  4.6
Spellcasting   | 3 |  3.3
Fighting       | 1 |  1.6
Dodging        | 2 |  2.2
Armour         | 1 2 |  2.3
Polearms       | 1 |  1.3
Shields        | 1 |  1.0
Stealth        | |  2.6
Conjurations   | |  0.7
Transmutations | |  1.1

Action                   |  1- 3 |  4- 6 || total
-------------------------+-------+-------++-------
Melee: Unarmed           |    12 |    94 ||   106
       Short sword       |       |    11 ||    11
       Halberd           |       |    68 ||    68
       Spear             |       |    46 ||    46
 Cast: Sandblast         |    32 |    33 ||    65
  Use: Scroll            |       |     9 ||     9
 Stab: Sleeping          |     1 |     2 ||     3
Armor: Robe              |     6 |       ||     6
       Leather armour    |       |    39 ||    39
Dodge: Dodged            |    29 |   122 ||   151
Block: Kite shield       |       |    39 ||    39

Table legend: (Time is in decaauts)
 A = Elapsed time spent in this place.
 B = Non-inter-level travel time spent in this place.
 C = Inter-level travel time spent in this place.
 D = Time resting spent in this place.
 E = Time spent auto-exploring this place.
 F = Levels seen in this place.
 G = Mean time per level.
                   A        B        C        D        E       F      G
               +--------+--------+--------+--------+--------+-----+--------+
         Total |   5760 |   5366 |    394 |   1294 |   3188 |   5 | 1152.0 |
       Dungeon |   5760 |   5366 |    394 |   1294 |   3188 |   5 | 1152.0 |
               +--------+--------+--------+--------+--------+-----+--------+

Top non-repeatable levels by time:
     D:2: 1892 daAuts
     D:3: 1847 daAuts
     D:4: 984 daAuts
     D:1: 805 daAuts
     D:5: 230 daAuts
